3L
SEATTLE AVIATORS @ LAS VEGAS FLAMINGOS
08/01/2029
 
TOP OF THE 1ST
Seattle Aviators batting - Pitching for Las Vegas Flamingos : RHP Toddster Gordo
Pitching: RHP Toddster Gordo
Batting: LHB Jorge Ortíz 0-0: Called Strike
0-1: Ball
1-1: Ball
2-1: Ground out 3-1 (Groundball, 34S)
Batting: RHB José Rodríguez 0-0: Called Strike
0-1: Ball
1-1: Called Strike
1-2: Ground out 6-3 (Groundball, 6)
Batting: LHB Jorge Mojica 0-0: Ball
1-0: Ball
2-0: Ball
3-0: Base on Balls
Batting: LHB Kenny Webster 0-0: Called Strike
0-1: Foul Ball, location: 2F
0-2: Ball
1-2: Foul Ball, location: 2F
1-2: SINGLE (Groundball, 5D)
Jorge Mojica to second
Batting: RHB Patrick Eggen 0-0: Ball
1-0: Swinging Strike
1-1: Ball
2-1: Foul Ball, location: 2F
2-2: Ball
3-2: Ground out 5-3 (Groundball, 5)
Top of the 1st over - 0 runs, 1 hit, 0 errors, 2 left on base; Seattle 0 - Las Vegas 0
BOTTOM OF THE 1ST
Las Vegas Flamingos batting - Pitching for Seattle Aviators : RHP Ron Stone
Pitching: RHP Ron Stone
Batting: RHB Sake van Arem 0-0: Called Strike
0-1: Ball
1-1: Swinging Strike
1-2: Ground out 5-3 (Groundball, 56)
Batting: LHB Ruud van Ineveld 0-0: SINGLE (Line Drive, 34)
Batting: SHB Glyn Bolasky 0-0: Ball
1-0: Called Strike
1-1: Foul Ball, location: 2F
1-2: Ball
2-2: SINGLE (Groundball, 4MD)
Ruud van Ineveld to second
Runner from 2nd tries for 3rd, SAFE, no throw
Batting: RHB Sergio Ortíz 0-0: Called Strike
0-1: Grounds into double play, 5-4-3 (Groundball, 56)
Bottom of the 1st over - 0 runs, 2 hits, 0 errors, 1 left on base; Seattle 0 - Las Vegas 0
TOP OF THE 2ND
Seattle Aviators batting - Pitching for Las Vegas Flamingos : RHP Toddster Gordo
Batting: RHB Seon-keun Kim 0-0: Called Strike
0-1: Ball
1-1: Ground out 6-3 (Groundball, 6)
Batting: LHB Pedro Corona 0-0: Ball
1-0: Ball
2-0: Called Strike
2-1: Ground out 5-3 (Groundball, 56S)
Batting: RHB Byron Isaacson 0-0: Ball
1-0: Ground out 6-3 (Groundball, 6)
Top of the 2nd over - 0 runs, 0 hits, 0 errors, 0 left on base; Seattle 0 - Las Vegas 0
BOTTOM OF THE 2ND
Las Vegas Flamingos batting - Pitching for Seattle Aviators : RHP Ron Stone
Batting: RHB Xavier Hernández 0-0: Ball
1-0: Ball
2-0: Called Strike
2-1: Ball
3-1: SINGLE (Flyball, 78S)
Batting: RHB Rodney Usry 0-0: Called Strike
0-1: Ball
1-1: Ground out 6-3 (Groundball, 56D)
Xavier Hernández to second
Batting: LHB Victor Adams 0-0: Called Strike
0-1: Foul Ball, location: 2F
0-2: Ball
1-2: Ball
2-2: Ground out 5-3 (Groundball, 56)
Batting: LHB Job Pels 0-0: Ball
1-0: Foul Ball, location: 2F
1-1: Ball
2-1: SINGLE (Groundball, 4MD)
Xavier Hernández to third
Runner from 3rd tries for Home, SAFE, no throw
Batting: LHB José Alonso 0-0: Ball
Job Pels steals 2nd base
1-0: Fly out, F8 (Flyball, 8RS)
Bottom of the 2nd over - 1 run, 2 hits, 0 errors, 1 left on base; Seattle 0 - Las Vegas 1
TOP OF THE 3RD
Seattle Aviators batting - Pitching for Las Vegas Flamingos : RHP Toddster Gordo
Batting: RHB Bartolo Rosas 0-0: Ball
1-0: Called Strike
1-1: Ball
2-1: Ball
3-1: Foul Ball, location: 2F
3-2: SINGLE (Groundball, 34D)
Batting: LHB Jorge Ortíz 0-0: Ball
1-0: Called Strike
1-1: Ball
2-1: Ball
3-1: Called Strike
3-2: Strikes out looking
Bartolo Rosas steals 2nd base
Batter strikes out.
Batting: RHB José Rodríguez 0-0: Fly out, F8 (Line Drive, 8LD)
Batting: LHB Jorge Mojica 0-0: Fly out, F9 (Flyball, 89D)
Top of the 3rd over - 0 runs, 1 hit, 0 errors, 1 left on base; Seattle 0 - Las Vegas 1
BOTTOM OF THE 3RD
Las Vegas Flamingos batting - Pitching for Seattle Aviators : RHP Ron Stone
Batting: RHB Sake van Arem 0-0: Called Strike
0-1: Foul Ball, location: 2F
0-2: Ball
1-2: Ball
2-2: Ball
3-2: Base on Balls
Batting: LHB Ruud van Ineveld 0-0: Ball
Sake van Arem is caught stealing 2nd base
1-0: Foul Ball, location: 2F
1-1: Foul Ball, location: 2F
1-2: Ball
2-2: Fly out, F9 (Line Drive, 9)
Batting: SHB Glyn Bolasky 0-0: Ball
1-0: Called Strike
1-1: Ball
2-1: Foul Ball, location: 2F
2-2: Ball
3-2: Base on Balls
Batting: RHB Sergio Ortíz 0-0: Called Strike
0-1: Called Strike
0-2: Fielders Choice at 2nd, U6 (Groundball, 6M)
Bottom of the 3rd over - 0 runs, 0 hits, 0 errors, 1 left on base; Seattle 0 - Las Vegas 1
TOP OF THE 4TH
Seattle Aviators batting - Pitching for Las Vegas Flamingos : RHP Toddster Gordo
Batting: LHB Kenny Webster 0-0: Ball
1-0: Swinging Strike
1-1: Foul Ball, location: 2F
1-2: Foul Ball, location: 2F
1-2: Foul Ball, location: 2F
1-2: Ball
2-2: Fly out, F4 (Line Drive, 34)
Batting: RHB Patrick Eggen 0-0: SINGLE (Line Drive, 56D)
Batting: RHB Seon-keun Kim 0-0: Called Strike
Patrick Eggen steals 2nd base
0-1: Ball
1-1: Ball
2-1: Ball
3-1: Called Strike
3-2: Foul Ball, location: 2F
3-2: Base on Balls
Batting: LHB Pedro Corona 0-0: Swinging Strike
0-1: Foul Ball, location: 2F
0-2: Foul Ball, location: 2F
0-2: 3-RUN HOME RUN (Flyball, 9LD), Distance : 367 ft
Batting: RHB Byron Isaacson 0-0: Called Strike
0-1: Swinging Strike
0-2: Ball
1-2: Ball
2-2: Strikes out swinging
Batting: RHB Bartolo Rosas 0-0: Ground out 1-3 (Groundball, P)
Top of the 4th over - 3 runs, 2 hits, 0 errors, 0 left on base; Seattle 3 - Las Vegas 1
BOTTOM OF THE 4TH
Las Vegas Flamingos batting - Pitching for Seattle Aviators : RHP Ron Stone
Batting: RHB Xavier Hernández 0-0: Ball
1-0: Foul Ball, location: 2F
1-1: Foul Ball, location: 2F
1-2: Ball
2-2: Foul Ball, location: 2F
2-2: Foul Ball, location: 2F
2-2: Ball
3-2: Foul Ball, location: 2F
3-2: Foul Ball, location: 2F
3-2: Hit by Pitch
Batting: RHB Rodney Usry 0-0: Grounds into double play, 5-4-3 (Groundball, 56)
Batting: LHB Victor Adams 0-0: Foul Ball, location: 2F
0-1: Foul Ball, location: 2F
0-2: Ball
1-2: Ball
2-2: Foul Ball, location: 2F
2-2: Fly out, F9 (Flyball, 9S)
Bottom of the 4th over - 0 runs, 0 hits, 0 errors, 0 left on base; Seattle 3 - Las Vegas 1
TOP OF THE 5TH
Seattle Aviators batting - Pitching for Las Vegas Flamingos : RHP Toddster Gordo
Batting: LHB Jorge Ortíz 0-0: Ball
1-0: Ground out U3 (Groundball, 34)
Batting: RHB José Rodríguez 0-0: SINGLE (Groundball, 6D)
Batting: LHB Jorge Mojica 0-0: Fly out, F5 (Popup, 6)
Batting: LHB Kenny Webster 0-0: Called Strike
0-1: Foul Ball, location: 2F
0-2: Strikes out looking
Top of the 5th over - 0 runs, 1 hit, 0 errors, 1 left on base; Seattle 3 - Las Vegas 1
BOTTOM OF THE 5TH
Las Vegas Flamingos batting - Pitching for Seattle Aviators : RHP Ron Stone
Batting: LHB Job Pels 0-0: TRIPLE (Line Drive, 89XD)
Batting: LHB José Alonso 0-0: Fly out, F8 (Flyball, 89D)
Runner from 3rd tags up, SCORES, throw made
Batting: RHB Sake van Arem 0-0: Ball
1-0: Ball
2-0: Ball
3-0: Base on Balls
Batting: LHB Ruud van Ineveld 0-0: Ball
Sake van Arem is caught stealing 2nd base
1-0: Called Strike
1-1: Ball
2-1: Called Strike
2-2: Strikes out swinging
Bottom of the 5th over - 1 run, 1 hit, 0 errors, 0 left on base; Seattle 3 - Las Vegas 2
TOP OF THE 6TH
Seattle Aviators batting - Pitching for Las Vegas Flamingos : RHP Toddster Gordo
Batting: RHB Patrick Eggen 0-0: Foul Ball, location: 2F
0-1: Foul Ball, location: 2F
0-2: Ball
1-2: Ball
2-2: Ground out 4-3 (Groundball, 34)
Batting: RHB Seon-keun Kim 0-0: Ball
1-0: Fly out, F8 (Flyball, 8LD)
Batting: LHB Pedro Corona 0-0: Ball
1-0: Ground out 4-3 (Groundball, 34D)
Top of the 6th over - 0 runs, 0 hits, 0 errors, 0 left on base; Seattle 3 - Las Vegas 2
BOTTOM OF THE 6TH
Las Vegas Flamingos batting - Pitching for Seattle Aviators : RHP Ron Stone
Batting: SHB Glyn Bolasky 0-0: Called Strike
0-1: Foul Ball, location: 2F
0-2: Ball
1-2: Fly out, F4 (Popup, 4S)
Batting: RHB Sergio Ortíz 0-0: Called Strike
0-1: SOLO HOME RUN (Flyball, 7D), Distance : 384 ft
Batting: RHB Xavier Hernández 0-0: Called Strike
0-1: Foul Ball, location: 2F
0-2: Ball
1-2: Ground out 6-3 (Groundball, 6M)
Batting: RHB Rodney Usry 0-0: Foul Ball, location: 2F
0-1: Foul Ball, location: 2F
0-2: Ball
1-2: DOUBLE (Line Drive, 8LD)
Batting: LHB Victor Adams 0-0: Intentional Walk
Batting: LHB Job Pels 0-0: Ball
1-0: Swinging Strike
1-1: Fly out, F9 (Flyball, 9)
Bottom of the 6th over - 1 run, 2 hits, 0 errors, 2 left on base; Seattle 3 - Las Vegas 3
TOP OF THE 7TH
Seattle Aviators batting - Pitching for Las Vegas Flamingos : RHP Toddster Gordo
Batting: RHB Byron Isaacson 0-0: Swinging Strike
0-1: SINGLE (Groundball, 56D)
Batting: RHB Bartolo Rosas 0-0: Ball
1-0: Foul Ball, location: 2F
1-1: 2-RUN HOME RUN (Flyball, 7LD), Distance : 350 ft
Pitching: LHP Pedro Ortíz
Batting: LHB Jorge Ortíz 0-0: Ball
1-0: Swinging Strike
1-1: Ball
2-1: Called Strike
2-2: Strikes out swinging, 2-3 out at first.
Batting: RHB José Rodríguez 0-0: Swinging Strike
0-1: Called Strike
0-2: Strikes out swinging
Batting: LHB Jorge Mojica 0-0: Called Strike
0-1: Fly out, F7 (Line Drive, 78M)
Top of the 7th over - 2 runs, 2 hits, 0 errors, 0 left on base; Seattle 5 - Las Vegas 3
BOTTOM OF THE 7TH
Las Vegas Flamingos batting - Pitching for Seattle Aviators : RHP Ron Stone
Batting: LHB José Alonso 0-0: Called Strike
0-1: SINGLE (Groundball, 34D)
Pitching: RHP César Manoel
Batting: RHB Sake van Arem 0-0: Called Strike
0-1: Ball
1-1: Bunt missed!
1-2: Ball
2-2: Ball
3-2: Fielders Choice at 2nd, 6-4 (Groundball, 56)
Batting: LHB Ruud van Ineveld 0-0: Called Strike
0-1: SINGLE (Line Drive, 8RS)
Sake van Arem to second
Batting: SHB Glyn Bolasky 0-0: Swinging Strike
0-1: Ball
1-1: Called Strike
1-2: Strikes out looking
Batting: RHB Sergio Ortíz 0-0: Swinging Strike
0-1: Ball
1-1: Swinging Strike
1-2: Strikes out swinging
Bottom of the 7th over - 0 runs, 2 hits, 0 errors, 2 left on base; Seattle 5 - Las Vegas 3
TOP OF THE 8TH
Seattle Aviators batting - Pitching for Las Vegas Flamingos : LHP Pedro Ortíz
Batting: LHB Kenny Webster 0-0: Swinging Strike
0-1: Foul Ball, location: 2F
0-2: Ground out 6-3 (Groundball, 6)
Batting: RHB Patrick Eggen 0-0: Foul Ball, location: 2F
0-1: Swinging Strike
0-2: Ball
1-2: Foul Ball, location: 2F
1-2: Ball
2-2: Ball
3-2: SINGLE (Groundball, 3D)
Batting: RHB Seon-keun Kim 0-0: Ball
1-0: Ball
2-0: Called Strike
2-1: Ball
3-1: Fly out, F8 (Line Drive, 78D)
Batting: LHB Pedro Corona 0-0: Foul Ball, location: 2F
0-1: Foul Ball, location: 2F
0-2: Ball
1-2: Ball
2-2: SINGLE (Groundball, 6D)
Patrick Eggen to second
Runner from 2nd tries for 3rd, OUT!
Top of the 8th over - 0 runs, 2 hits, 0 errors, 1 left on base; Seattle 5 - Las Vegas 3
BOTTOM OF THE 8TH
Las Vegas Flamingos batting - Pitching for Seattle Aviators : RHP César Manoel
Batting: RHB Xavier Hernández 0-0: Ball
1-0: Ball
2-0: Ball
3-0: Called Strike
3-1: DOUBLE (Line Drive, 89D)
Batting: RHB Rodney Usry 0-0: Ground out 5-3 (Groundball, 5)
Batting: LHB Victor Adams 0-0: Ball
1-0: Called Strike
1-1: Called Strike
1-2: Ground out 6-3 (Groundball, 6)
Batting: LHB Job Pels 0-0: Ball
1-0: Fly out, F9 (Line Drive, 89D)
Bottom of the 8th over - 0 runs, 1 hit, 0 errors, 1 left on base; Seattle 5 - Las Vegas 3
TOP OF THE 9TH
Seattle Aviators batting - Pitching for Las Vegas Flamingos : LHP Pedro Ortíz
Now at 3B: Wilbert Carter
Batting: RHB Byron Isaacson 0-0: Ball
1-0: Foul Ball, location: 2F
1-1: Foul Ball, location: 2F
1-2: Ball
2-2: TRIPLE (Flyball, 78XD)
Batting: RHB Bartolo Rosas 0-0: Intentional Walk
Pitching: RHP John Brown
Batting: LHB Jorge Ortíz 0-0: Ball
Bartolo Rosas steals 2nd base
1-0: Called Strike
1-1: Ground out 4-3 (Groundball, 4M)
Pinch Hitting: LHB Ignacio Martínez 0-0: Fly out, F8 (Flyball, 8RM)
Runner from 3rd tags up, SCORES, throw made
Bartolo Rosas to third
Batting: LHB Jorge Mojica 0-0: Ball
1-0: Foul Ball, location: 2F
1-1: Ball
2-1: Ball
3-1: Base on Balls
Batting: LHB Kenny Webster 0-0: Ball
1-0: Swinging Strike
1-1: Fly out, F5 (Line Drive, 56)
Top of the 9th over - 1 run, 1 hit, 0 errors, 2 left on base; Seattle 6 - Las Vegas 3
BOTTOM OF THE 9TH
Las Vegas Flamingos batting - Pitching for Seattle Aviators : RHP César Manoel
Pitching: LHP Yajirobei Otomo
Now at 3B: Enrique Ibarra
Batting: LHB José Alonso 0-0: Ball
1-0: Ball
2-0: Foul Ball, location: 2F
2-1: SINGLE (Line Drive, 89S)
Batting: SHB Wilbert Carter 0-0: Swinging Strike
0-1: Ball
1-1: SINGLE (Line Drive, 6MD)
José Alonso to second
Batting: LHB Ruud van Ineveld 0-0: Ball
1-0: SINGLE (Groundball, 15) (infield hit)
José Alonso to third
Wilbert Carter to second
Pinch Hitting: RHB Daniel Maldonado 0-0: Ball
1-0: Ball
2-0: Ball
3-0: Called Strike
3-1: Foul Ball, location: 2F
3-2: Base on Balls
José Alonso scores
Wilbert Carter to third
Ruud van Ineveld to second
Batting: RHB Sergio Ortíz 0-0: Foul Ball, location: 2F
0-1: Ball
1-1: Ball
2-1: Ball
3-1: SINGLE (Flyball, 9S)
Wilbert Carter scores
Ruud van Ineveld to third
Daniel Maldonado to second
Runner from 3rd tries for Home, SAFE, throw made at trailing runner, OUT at third!
Pitching: RHP John Woods
Batting: RHB Xavier Hernández 0-0: Ball
1-0: Called Strike
1-1: Fly out, F7 (Line Drive, 7)
Batting: RHB Rodney Usry 0-0: Swinging Strike
0-1: Called Strike
0-2: Strikes out swinging, 2-3 out at first.
Bottom of the 9th over - 3 runs, 4 hits, 0 errors, 1 left on base; Seattle 6 - Las Vegas 6
TOP OF THE 10TH
Seattle Aviators batting - Pitching for Las Vegas Flamingos : RHP John Brown
Now in RF: Daniel Maldonado
Batting: RHB Patrick Eggen 0-0: Ball
1-0: Ground out 4-3 (Groundball, 4M)
Batting: RHB Seon-keun Kim 0-0: Ball
1-0: Ball
2-0: Ball
3-0: Base on Balls
Batting: LHB Pedro Corona 0-0: Ball
1-0: Foul Ball, location: 2F
1-1: Ball
2-1: SINGLE (Groundball, 56D)
Seon-keun Kim to second
Batting: RHB Byron Isaacson 0-0: Swinging Strike
0-1: Ball
1-1: Swinging Strike
1-2: Ball
2-2: Strikes out swinging
Batting: RHB Bartolo Rosas 0-0: Called Strike
0-1: Ball
1-1: Called Strike
1-2: Ball
Wild Pitch!
Seon-keun Kim to third
Pedro Corona to second
2-2: Ball
3-2: Foul Ball, location: 2F
3-2: Strikes out looking
Top of the 10th over - 0 runs, 1 hit, 0 errors, 2 left on base; Seattle 6 - Las Vegas 6
BOTTOM OF THE 10TH
Las Vegas Flamingos batting - Pitching for Seattle Aviators : RHP John Woods
Batting: LHB Victor Adams 0-0: SOLO HOME RUN (Flyball, 9LD), Distance : 359 ft
Tuesday, December 19th, 2017 - OOTP Baseball 18.8 Build 76